 Dungeon Crawl Stone Soup version 0.31-a0-1278-g11c5b68f87 (webtiles) character file.

Game seed: 11932952220263232366

101 parrotman the Conjurer (level 4, -2/27 HPs)
             Began as a Tengu Reaver on Dec 17, 2023.
             Slain by a sleepcap (11 damage)
             ... on level 5 of the Dungeon.
             The game lasted 00:16:26 (822 turns).

parrotman the Conjurer (Tengu Reaver)                Turns: 822, Time: 00:16:27

Health: -2/27      AC:  4    Str: 15    XL:     4   Next: 75%
Magic:  8/8        EV:  2    Int: 19    God:
Gold:   89         SH:  0    Dex: 12    Spells: 6/7 levels left

rFire   . . .        a - +0 falchion
rCold   . . .        (no shield)
rNeg    . . .        b - +0 leather armour
rPois   .            (helmet restricted)
rElec   .            (no cloak)
rCorr   .            f - +0 pair of gloves
SInv    .            (boots unavailable)
Will    .....        (no amulet)
Stlth   +            h - +6 ring of intelligence
HPRegen 0.24/turn    (no ring)
MPRegen 0.11/turn

%: acrobat
@: sleeping
A: beak, talons 3, acrobatic
a: no special abilities


You were on level 5 of the Dungeon.
You visited 1 branch of the dungeon, and saw 5 of its levels.

You collected 89 gold pieces.

Inventory:

Hand Weapons
 a - a +0 falchion (weapon)
Missiles
 d - 2 boomerangs (quivered)
Armour
 b - a +0 leather armour (worn)
 f - a +0 pair of gloves (worn)
Jewellery
 h - a +6 ring of intelligence (left hand)
Talismans
 g - a serpent talisman
Scrolls
 c - a scroll of silence
 i - a scroll of brand weapon {unknown}
Potions
 e - a potion of lignification {unknown}


   Skills:
 + Level 2.3 Fighting
 + Level 4.0 Long Blades
 + Level 1.7 Throwing
 + Level 1.4 Armour
 + Level 2.6 Dodging
 + Level 0.5 Stealth
 + Level 2.0 Spellcasting
 + Level 4.5 Conjurations
 + Level 0.4 Necromancy


You had 6 spell levels left.
You knew the following spells:

 Your Spells              Type           Power      Damage    Failure   Level
a - Kiss of Death         Conj/Necr      44%        2d8       8%          1

Your spell library contained the following spells:

 Spells                   Type           Power      Damage    Failure   Level
 Momentum Strike          Conj/Tloc      20%        3d8       12%         2
 Hailstorm                Conj/Ice       10%        3d6       24%         3
 Lesser Beckoning         Tloc           2%         N/A       30%         2
 Gell's Gravitas          Tloc           1%         N/A       52%         3
 Teleport Other           Tloc           1%         N/A       52%         3


Dungeon Overview and Level Annotations

Branches:
Dungeon (5/15)
 Temple: D:4-7

Altars:
Hepliaklqana

Shops:
D:1 !==

Annotations:
D:4 Edmund


Innate Abilities, Weirdness & Mutations

You have a beak for a mouth.
You have claws for feet.
You can magically evade attacks while moving or waiting.


Message History

You throw a boomerang. The boomerang hits the sleepcap.
The sleepcap is lightly damaged.
Throw: 2 boomerangs
Press: ? - help, Q - select action, (/) - cycle Shift-Dir - straight line, f/p - sleepcap
Aim: a sleepcap (lightly damaged, 98% to hit)
You throw a boomerang. The boomerang hits the sleepcap.
The sleepcap is lightly damaged.
Throw: 2 boomerangs
Press: ? - help, Q - select action, (/) - cycle Shift-Dir - straight line, f/p - sleepcap
Aim: a sleepcap (lightly damaged, 98% to hit)
You throw a boomerang. The boomerang hits the sleepcap!
The sleepcap is heavily damaged.
You hit the sleepcap but do no damage.
You peck the sleepcap, but do no damage.
The sleepcap is heavily damaged.
The sleepcap releases spores at you.
You are engulfed in a cloud of soporific spores!
You fall asleep.
The sleepcap releases spores at you but does no damage.
The sleepcap releases spores at you.
You wake up.
You are engulfed in a cloud of soporific spores!
You are unaffected.
You hit the sleepcap.
The sleepcap is heavily damaged.
The sleepcap releases spores at you.
You are engulfed in a cloud of soporific spores!
You are unaffected.
You hit the sleepcap but do no damage. You claw the sleepcap.
You peck the sleepcap.
The sleepcap is heavily damaged.
The sleepcap barely misses you.
You hit the sleepcap.
You claw the sleepcap, but do no damage.
The sleepcap is heavily damaged.
The sleepcap closely misses you. The sleepcap releases spores at you.
You are engulfed in a cloud of soporific spores!
You fall asleep.
The sleepcap releases spores at you!
You die...

#.......#
#.......#
+.......#
#.......#
#......#
#...$..#
+...f..#
#..@...#
##....##
#....#
#....#
#....#
#....#
#....#
#....#
##....###


You could see a sleepcap.

Vanquished Creatures
  2 hounds (D:5)
  3 dart slugs
  An orc (D:3)
  An endoplasm (D:1)
  2 giant cockroaches (D:1)
  5 goblins
  3 hobgoblins (D:1)
  A quokka (D:3)
  2 ball pythons
  7 bats
  9 frilled lizards
  A kobold (D:1)
  2 rats
39 creatures vanquished.

Notes
Turn   | Place    | Note
-------+----------+-------------------------------------------
     0 | D:1      | parrotman the Tengu Reaver began the quest for the Orb.
     0 | D:1      | Reached XP level 1. HP: 12/12 MP: 4/4
   137 | D:1      | Reached XP level 2. HP: 11/11 MP: 6/6
   197 | D:1      | Found Ruotemp's Distillery.
   350 | D:1      | Reached XP level 3. HP: 13/15 MP: 7/7
   352 | D:1      | Found Cymem's Jewellery Shop.
   357 | D:1      | Found Xyzaup's Jewellery Emporium.
   764 | D:4      | Noticed Edmund
   768 | D:5      | Entered Level 5 of the Dungeon
   775 | D:5      | Reached skill level 1 in Throwing
   775 | D:5      | Reached skill level 1 in Armour
   775 | D:5      | Reached XP level 4. HP: 19/26 MP: 8/8
   785 | D:5      | Found a hazy altar of Hepliaklqana.
   822 | D:5      | Slain by a sleepcap

Illustrated notes

Levels and vault maps discovered:
D:1:      dpeg_arrival_more_subterranean_lakeside_camping, layout_basic,
          serial_shops, shop_fountains, shop, shop,
          hellmonk_ecumenical_altar_heavens_door,
          chequers_serial_rivers_large_a, minmay_tall_x
D:2:      layout_basic, uniq_crazy_yiuf_cottage
D:3:      layout_basic, uniq_jessica
D:4:      layout_rooms, portal_sewer_entry_b, serial_shops, shop, uniq_ijyb,
          uniq_duvessa, uniq_edmund
D:5:      layout_gridville, mainiacjoe_overflow_tiny_flanked,
          uniq_blork_the_orc, uniq_eustachio

Skill      XL: |  1  2  3  4 |
---------------+-------------+-----
Throwing       | 1 |  1.7
Armour         | 1 |  1.4
Long Blades    | 4 |  4.0
Fighting       | |  2.3
Dodging        | |  2.6
Stealth        | |  0.5
Spellcasting   | |  2.0
Conjurations   | |  4.5
Necromancy     | |  0.4

Action                     |  1- 3 |  4- 6 || total
---------------------------+-------+-------++-------
  Melee: Falchion          |    46 |    13 ||    59
         Peck              |     8 |     2 ||    10
         Kick              |     5 |     3 ||     8
  Throw: Boomerang         |    50 |     4 ||    54
   Cast: Kiss of Death     |     4 |       ||     4
    Use: Scroll            |     2 |       ||     2
 Armour: Leather armour    |    39 |    13 ||    52
  Dodge: Dodged            |   112 |     9 ||   121

Table legend: (Time is in decaauts)
 A = Elapsed time spent in this place.
 B = Non-inter-level travel time spent in this place.
 C = Inter-level travel time spent in this place.
 D = Time resting spent in this place.
 E = Time spent auto-exploring this place.
 F = Levels seen in this place.
 G = Mean time per level.
                   A        B        C        D        E       F      G
               +--------+--------+--------+--------+--------+-----+--------+
         Total |    844 |    329 |    515 |      0 |      0 |   5 |  168.8 |
       Dungeon |    844 |    329 |    515 |      0 |      0 |   5 |  168.8 |
               +--------+--------+--------+--------+--------+-----+--------+

Top non-repeatable levels by time:
     D:1: 407 daAuts
     D:2: 301 daAuts
     D:3: 73 daAuts
     D:5: 57 daAuts
     D:4: 5 daAuts
